 Dungeon Crawl Stone Soup version 0.30-a0-802-gb92711bcdf (webtiles) character file.

Game seed: 36904013386441776

144 cforsyth the Sneak (level 5, -1/42 HPs)
             Began as a Kobold Brigand on Feb 25, 2023.
             Frozen to death by an endoplasm (2 damage)
             ... on level 4 of the Dungeon.
             The game lasted 00:02:53 (2908 turns).

cforsyth the Sneak (Kobold Brigand)                 Turns: 2908, Time: 00:02:54

Health: -1/42      AC:  3    Str:  8    XL:     5   Next: 52%
Magic:  5/5        EV: 16    Int: 12    God:
Gold:   152        SH:  0    Dex: 19    Spells: 4/4 levels left

rFire   . . .      SeeInvis .    a - +2 dagger
rCold   . . .      Faith    .    (no shield)
rNeg    . . .      Spirit   .    b - +0 robe
rPois   .          Reflect  .    (no helmet)
rElec   .          Harm     .    c - +0 cloak
rCorr   .          Rampage  .    (no gloves)
Will    +....      Rage     3%   (no boots) Stlth
                                 r - amulet of the acrobat
HPRegen 0.27/turn                i - ring of willpower
MPRegen 0.09/turn                (no ring)

@: berserking, attractive, very quick
A: small, no large weapons, nightstalker 3, berserk 1, frail 1
a: no special abilities


You were on level 4 of the Dungeon.
You visited 1 branch of the dungeon, and saw 4 of its levels.

You collected 152 gold pieces.

Inventory:

Hand Weapons
 a - a +2 dagger (weapon)
Missiles
 d - 16 poisoned darts (quivered)
 e - 3 curare-tipped darts
Armour
 b - a +0 robe (worn)
 c - a +0 cloak (worn)
Jewellery
 i - a ring of willpower (left hand)
 r - an amulet of the acrobat (around neck)
 w - a ring of resist corrosion
 x - a ring of flight
 z - a ring of magical power
Scrolls
 f - 3 scrolls of magic mapping {unknown}
 g - a scroll of acquirement {unknown}
 h - a scroll of enchant weapon {unknown}
 l - a scroll of blinking {unknown}
 n - 3 scrolls of identify {unknown}
 p - 2 scrolls of teleportation {unknown}
 s - a scroll of enchant armour {unknown}
 t - 3 scrolls of poison {unknown}
 u - a scroll of brand weapon {unknown}
 y - a scroll of butterflies {unknown}
Potions
 k - 3 potions of curing
 m - a potion of invisibility {unknown}
 q - a potion of degeneration {unknown}


   Skills:
 + Level 3.4 Fighting
 + Level 4.1 Short Blades
 - Level 2.1 Throwing
 + Level 3.1 Dodging
 + Level 6.3 Stealth


You had 4 spell levels left.
You didn't know any spells.
Your spell library was empty.

Dungeon Overview and Level Annotations

Branches:
Dungeon (4/15)
 Temple: D:4-7

Altars:


Innate Abilities, Weirdness & Mutations

You are small and have problems with some larger weapons.
You are completely attuned to the shadows.
You sometimes lose your temper in combat.
You are frail. (-10% HP)


Message History

* * * LOW HITPOINT WARNING * * *
The endoplasm barely misses you.
It was a potion of curing.
You feel better. The endoplasm barely misses you.
The orc wizard hits you but does no damage.
The orc hits you with a +0 hand axe.
* * * LOW HITPOINT WARNING * * *
It was a potion of mutation.
You feel extremely strange.
You feel frail.
You feel a little pissed off.
The endoplasm hits you but does no damage.
The orc barely misses you.
The orc wizard hits you with a +0 dagger.
* * * LOW HITPOINT WARNING * * *
It was a potion of attraction.
You feel attractive to monsters. The endoplasm closely misses you.
The orc barely misses you. The orc wizard barely misses you.
Unknown command.
It was a potion of berserk rage.
A red film seems to cover your vision as you go berserk!
You feel yourself moving faster!
You feel mighty!
The endoplasm jiggles.
The endoplasm barely misses you. The orc wizard closely misses you.
The orc completely misses you.
Unknown command.
You hit the orc wizard.
The orc wizard is severely wounded.
Unknown command.
You barely miss the orc wizard.
The orc wizard is severely wounded.
The endoplasm barely misses you. The orc hits you with a +0 hand axe.
* * * LOW HITPOINT WARNING * * *
The orc wizard barely misses you.
Unknown command.
You puncture the orc wizard!
You kill the orc wizard!
The orc hits you with a +0 hand axe.
* * * LOW HITPOINT WARNING * * *
The endoplasm freezes you.
You are frozen.
You die...

#...).................#.##.#
###.J...$...........###.####
....#.o............#...#
#J...#..........#.#.....##
.#.###....##....#####....#####
.. #.......##.# #.>......#
#.[..##..#.######........
#....#...)......#........
.....#).@o...........##..
..##.#.J.......###...####
...........## #....##
............####....#
.............##......#
..##.........##....... .
#..#........#..#...#
#..#...........#...#
##.#..#.O.........##


You could see an orc and an endoplasm.

Vanquished Creatures
  An orc priest (D:4)
  An orc wizard (D:4)
  2 adders (D:4)
  A shadow imp (D:3)
  3 worms (D:2)
  3 dart slugs
  6 orcs
  3 bats
  5 endoplasms
  4 giant cockroaches
  4 goblins
  5 hobgoblins
  4 jackals (D:2)
  3 quokkas
  4 ball pythons
  5 frilled lizards
  6 kobolds
  7 rats
67 creatures vanquished.

Notes
Turn   | Place    | Note
-------+----------+-------------------------------------------
     0 | D:1      | cforsyth the Kobold Brigand began the quest for the Orb.
     0 | D:1      | Reached XP level 1. HP: 12/12 MP: 1/1
    49 | D:1      | Reached XP level 2. HP: 10/18 MP: 2/2
   300 | D:1      | Reached XP level 3. HP: 22/22 MP: 3/3
  1101 | D:2      | Reached XP level 4. HP: 27/27 MP: 4/4
  1909 | D:3      | Reached skill level 6 in Stealth
  2429 | D:4      | Reached XP level 5. HP: 8/32 MP: 5/5
  2583 | D:4      | Noticed an ogre
  2901 | D:4      | HP: 1/32 [orc wizard/+0 dagger (1)]
  2903 | D:4      | Gained mutation: You are frail. (-10% HP) [potion of
                  | mutation]
  2903 | D:4      | Gained mutation: You sometimes lose your temper in combat.
                  | [potion of mutation]
  2907 | D:4      | HP: 1/42 [orc/+0 hand axe (1)]
  2908 | D:4      | Frozen to death by an endoplasm

Illustrated notes

Levels and vault maps discovered:
D:1:      psy_arrival_spokes, layout_rooms, chequers_serial_rivers_large_a
D:2:      minmay_general_purpose_star, layout_basic, due_unseen_surprise
D:3:      layout_basic
D:4:      layout_cave_pools, hangedman_decor_push

Skill      XL: |  1  2  3  4  5 |
---------------+----------------+-----
Short Blades   | 3 4 |  4.1
Dodging        | 2 3 |  3.1
Fighting       | 3 |  3.4
Stealth        | 6 |  6.3
Throwing       | |  2.1

Action                     |  1- 3 |  4- 6 || total
---------------------------+-------+-------++-------
  Melee: Dagger            |    82 |   113 ||   195
         Punch             |       |     3 ||     3
    Use: Potion            |       |     4 ||     4
   Stab: Sleeping          |    18 |    10 ||    28
         Distracted        |     1 |     2 ||     3
 Armour: Robe              |    11 |     7 ||    18
  Dodge: Dodged            |    33 |    84 ||   117

Table legend: (Time is in decaauts)
 A = Elapsed time spent in this place.
 B = Non-inter-level travel time spent in this place.
 C = Inter-level travel time spent in this place.
 D = Time resting spent in this place.
 E = Time spent auto-exploring this place.
 F = Levels seen in this place.
 G = Mean time per level.
                   A        B        C        D        E       F      G
               +--------+--------+--------+--------+--------+-----+--------+
         Total |   2891 |   2793 |     98 |    121 |   2215 |   4 |  722.8 |
       Dungeon |   2891 |   2793 |     98 |    121 |   2215 |   4 |  722.8 |
               +--------+--------+--------+--------+--------+-----+--------+

Top non-repeatable levels by time:
     D:3: 991 daAuts
     D:2: 947 daAuts
     D:1: 589 daAuts
     D:4: 364 daAuts
